 Dungeon Crawl Stone Soup version 0.32-a0-931-g5a2cda0630 (webtiles) character file.

Game seed: 5376116158472434410

2527356 mitch45678 the Executioner (level 25, 214/214 HPs)
             Began as a Mountain Dwarf Chaos Knight on Apr 12, 2024.
             Was a High Priest of Okawaru.
             Escaped with the Orb
             ... and 3 runes
             ... and 4 gems on Apr 13, 2024!
             The game lasted 08:00:28 (43002 turns).

mitch45678 the Executioner (MDCK)                  Turns: 43002, Time: 08:00:29

Health: 214/214    AC: 36    Str: 38    XL:     25   Next: 29%
Magic:  35/35      EV: 23    Int: 16    God:    Okawaru [*****.]
Gold:   2900       SH: 32    Dex: 20    Spells: 24/24 levels left

rFire   + . .        a - +8 mithril axe "Arga" {speed, Will+}
rCold   + + .        t - +8 tower shield of the Monkey {rPois Str+6 Int-2}
rNeg    + + .        c - +8 gold dragon scales
rPois   +            l - +0 hat
rElec   +            O - +2 cloak {rCorr}
rCorr   +            A - +2 pair of gloves {Str+3}
SInv    .            I - +2 pair of slick slippers {slick, slippery, EV+4}
Will    +++..        R - amulet of the Country {rN+ Regen+ Stlth+} Stlth
                     V - ring of Migeloz {rPois Str+2 Dex+6 Slay+5}
HPRegen 1.35/turn    E - ring "Doryixuc" {rElec rN+ Dex+4}
MPRegen 0.24/turn

%: no passive effects
@: hasted (expiring), studying Throwing, very quick
A: runic magic, artefact enchanting, horns 1, clever 1, cold resistance 1,
deformed body, deterioration 1, frail 1, sense surroundings 1, strong 2, sturdy
frame 1
0: Orb of Zot
}: 3/15 runes: decaying, serpentine, silver
a: Renounce Religion, Heroism, Finesse, Duel


You escaped.
You worshipped Okawaru.
Okawaru was extremely pleased with you.
You visited 11 branches of the dungeon, and saw 51 of its levels.
You visited 1 bazaar.
You also visited: Bailey, Gauntlet and Desolation.

You collected 6341 gold pieces.
You spent 3441 gold pieces at shops.


Innate Abilities, Weirdness & Mutations

Your spellcasting is much less encumbered by armour.
You can use scrolls of enchantment on lesser artefacts.
You have a pair of small horns on your head.
Your mind is acute. (Int +4, Str/Dex -1)
Your flesh is cold resistant. (rC+)
Armour fits poorly on your strangely shaped body.
Your body sometimes deteriorates upon taking damage.
You are frail. (-10% HP)
You passively map a small area around you.
Your muscles are very strong. (Str +8, Int/Dex -2)
Your movements are slightly less encumbered by armour. (ER -2)


   Skills:
 - Level 22.0 Fighting
 - Level 22.0 Axes
 - Level 3.0 Throwing
 - Level 22.0 Armour
 - Level 19.3 Dodging
 - Level 3.0 Stealth
 - Level 22.0 Shields
 + Level 16.3 Invocations
 - Level 5.0 Evocations


You had 24 spell levels left.
You didn't know any spells.
Your spell library contained the following spells:

 Spells                   Type           Power      Damage    Failure   Level
 Foxfire                  Conj/Fire      0%         2x1d4     41%         1
 Kiss of Death            Conj/Necr      0%         2d5       41%         1
 Magic Dart               Conj           0%         1d3       41%         1
 Necrotise                Necr           0%         1d4       41%         1
 Sandblast                Erth           0%         2d4       41%         1
 Shock                    Conj/Air       0%         1d3       41%         1
 Jinxbite                 Hex            0%         N/A       56%         2
 Lesser Beckoning         Tloc           0%         N/A       56%         2
 Mercury Vapours          Alch/Air       0%         N/A       56%         2
 Scorch                   Fire           0%         2d5       56%         2
 Searing Ray              Conj           0%         2d4       56%         2
 Static Discharge         Conj/Air       0%         3-3/arc   56%         2
 Sublimation of Blood     Necr           0%         N/A       56%         2
 Confusing Touch          Hex            0%         N/A       80%         3
 Inner Flame              Hex/Fire       0%         N/A       80%         3
 Maxwell's Portable Pile  Tloc           0%         2d(5-13)  80%         3
 Mephitic Cloud           Conj/Alch/Air  0%         N/A       80%         3
 Passwall                 Erth           0%         N/A       80%         3
 Sigil of Binding         Hex            0%         N/A       80%         3
 Stone Arrow              Conj/Erth      0%         3d7       80%         3
 Swiftness                Air            0%         N/A       80%         3
 Teleport Other           Tloc           0%         N/A       80%         3
 Vampiric Draining        Necr           0%         2d6       80%         3
 Volatile Blastmotes      Fire/Tloc      0%         2d10      80%         3
 Airstrike                Air            0%         2d(0-16)  99%         4
 Anguish                  Hex/Necr       0%         N/A       99%         4
 Brom's Barrelling Bould  Conj/Erth      0%         2d3       99%         4
 Cause Fear               Hex            0%         N/A       99%         4
 Dimensional Bullseye     Hex/Tloc       0%         N/A       99%         4
 Dispel Undead            Necr           0%         3d6       99%         4
 Flame Wave               Conj/Fire      0%         2d4       99%         4
 Fulminant Prism          Conj/Alch      0%         3d5       99%         4
 Iskenderun's Mystic Bla Conj/Tloc 0%             2d3        (+2d1     99%         4
 Passage of Golubria      Tloc           0%         N/A       99%         4
 Petrify                  Alch/Erth      0%         N/A       99%         4
 Vhi's Electric Charge    Tloc/Air       0%         N/A       99%         4
 Curse of Agony           Necr           0%         N/A       100%        5
 Fireball                 Conj/Fire      0%         3d3       100%        5
 Freezing Cloud           Conj/Ice/Air   0%         6-21      100%        5
 Irradiate                Conj/Alch      0%         3d11      100%        5
 Iskenderun's Battlesphe  Conj           0%         2d6       100%        5
 Metabolic Englaciation   Hex/Ice        0%         N/A       100%        5
 Yara's Violent Unravell  Hex/Alch       0%         3d3       100%        5
 Bombard                  Conj/Erth      0%         9d1       100%        6
 Conjure Ball Lightning   Conj/Air       0%         3x3d6     100%        6
 Dispersal                Tloc           0%         N/A       100%        6
 Gell's Gavotte           Tloc           0%         2d(11-16) 100%        6
 Plasma Beam              Fire/Air       0%         2x1d10    100%        6
 Enfeeble                 Hex            0%         N/A       100%        7
 Orb of Destruction       Conj           0%         9d5       100%        7
 Borgnjor's Revivificati  Necr           0%         N/A       100%        8
 Discord                  Hex            0%         N/A       100%        8
 Disjunction              Tloc           0%         N/A       100%        8
 Ignition                 Fire           0%         3d3       100%        8
 Lehudib's Crystal Spear  Conj/Erth      0%         10d2      100%        8
 Death's Door             Necr           0%         N/A       100%        9
 Call Canine Familiar     Summ           Unusable   N/A       N/A         3
 Summon Ice Beast         Ice/Summ       Unusable   N/A       N/A         3
 Tukima's Dance           Hex            Unusable   N/A       N/A         3
 Animate Armour           Summ/Erth      Unusable   N/A       N/A         4
 Martyr's Knell           Necr/Summ      Unusable   N/A       N/A         4
 Summon Cactus Giant      Summ           Unusable   N/A       N/A         6
 Spellforged Servitor     Conj/Summ      Unusable   N/A       N/A         7

Inventory:

Hand Weapons
 a - the +8 mithril axe "Arga" (weapon) {speed, Will+}
   (You found it on level 4 of the Depths)

   Will+:     It increases your willpower.
 b - a +9 broad axe of freezing
   (Okawaru gifted it to you on level 15 of the Dungeon)
 H - a +4 morningstar of freezing
   (You took it off a wight on level 7 of the Dungeon)
Missiles
 e - 13 javelins
 k - 6 throwing nets
 L - 6 boomerangs (quivered)
 S - 8 silver javelins
Armour
 c - +8 gold dragon scales (worn)
   (You found it on level 3 of the Depths)
 i - a +2 helmet of intelligence
   (You found it on level 3 of the Depths)
 l - a +0 hat (worn)
   (You took it off Gastronok on level 3 of the Lair of Beasts)
 t - the +8 tower shield of the Monkey (worn) {rPois Str+6 Int-2}
   (Okawaru gifted it to you on level 15 of the Dungeon)

   Str+6:     It affects your strength (+6).
   Int-2:     It affects your intelligence (-2).
   rPois:     It protects you from poison.
 A - a +2 pair of gloves of strength (worn)
   (You found it in the Desolation of Salt)
 C - the +0 ring mail "Wuaxiram" {rElec Will++}
   (You found it on level 9 of the Dungeon)

   rElec:     It insulates you from electricity.
   Will++:    It greatly increases your willpower.
 I - the +2 pair of slick slippers (worn) {slick, slippery, EV+4}
   (You found it on level 14 of the Dungeon)

   Slick:     Its wearer cannot be constricted, engulfed, netted, webbed, or
   stopped by binding sigils.
   Slippery:  Its wearer slips away from damaging melee attacks, pulling the
   attacker onward.
   EV+4:      It affects your evasion (+4).
 M - the orb of Inviolability {*channel, ^Contam rPois Slay+5 Necro, interesting}
   (You took it off Frederick on level 4 of the Vaults)

   Slay+5:    It affects your accuracy & damage with ranged weapons and melee
   (+5).
   rPois:     It protects you from poison.
   ^Contam:   It causes magical contamination when unequipped.
   Necro:     It increases the power of your Necromancy spells.
 O - a +2 cloak of preservation (worn)
   (You found it on level 3 of the Swamp)
Jewellery
 E - the ring "Doryixuc" (right hand) {rElec rN+ Dex+4}
   (You bought it in a shop on level 2 of the Orcish Mines)

   [ring of positive energy]

   Dex+4:     It affects your dexterity (+4).
   rElec:     It insulates you from electricity.
   rN+:       It protects you from negative energy.
 F - the ring "Paibamub" {rF+ rC+ Int+3 Slay+3}
   (You found it in the Desolation of Salt)

   [ring of protection from fire]

   Int+3:     It affects your intelligence (+3).
   Slay+3:    It affects your accuracy & damage with ranged weapons and melee
   (+3).
   rF+:       It protects you from fire.
   rC+:       It protects you from cold.
 R - the amulet of the Country (around neck) {rN+ Regen+ Stlth+}
   (You found it in the Desolation of Salt)

   [amulet of regeneration]

   rN+:       It protects you from negative energy.
   Regen+:    It increases your rate of health regeneration.
   Stlth+:    It makes you more stealthy.
 T - a ring of flight
   (You took it off a deep elf archer on level 1 of the Elven Halls)
 V - the ring of Migeloz (left hand) {rPois Str+2 Dex+6 Slay+5}
   (You took it off a deep elf demonologist on level 3 of the Elven Halls)

   [ring of dexterity]

   Str+2:     It affects your strength (+2).
   Dex+6:     It affects your dexterity (+6).
   Slay+5:    It affects your accuracy & damage with ranged weapons and melee
   (+5).
   rPois:     It protects you from poison.
 W - a ring of willpower
   (You found it on level 3 of the Elven Halls)
Wands
 q - a wand of digging (21)
   (You found it on level 1 of the Vaults)
 s - a wand of iceblast (39)
   (You found it on level 6 of the Dungeon)
 y - a wand of polymorph (11)
   (You found it on level 10 of the Dungeon)
 P - a wand of mindburst (52)
   (You took it off a naga on level 2 of the Snake Pit)
 Q - a wand of quicksilver (40)
   (You found it on level 5 of the Lair of Beasts)
 Z - a wand of paralysis (32)
   (You found it in a Gauntlet)
Scrolls
 h - 6 scrolls of fog
 m - 11 scrolls of fear
 p - 16 scrolls of teleportation {trove takes 16 teleport scrolls}
 w - 2 scrolls of silence
 x - 3 scrolls of blinking
Potions
 d - 4 potions of attraction {!q}
 f - 2 potions of might
 g - 7 potions of curing
 j - 4 potions of enlightenment
 n - 4 potions of heal wounds
 u - a potion of cancellation
 v - a potion of invisibility
 z - 2 potions of haste
 D - 5 potions of ambrosia
 G - 4 potions of berserk rage
 J - 4 potions of mutation {!q}
 N - a potion of resistance
 X - 3 potions of magic
Miscellaneous
 B - a Gell's gravitambourine (2/2)
   (You found it on level 3 of the Vaults)

Dungeon Overview and Level Annotations

Branches:
Dungeon (15/15)            Temple (1/1) D:6            Lair (5/5) D:9
  Swamp (4/4) Lair:2        Snake (4/4) Lair:3        Slime (0/5) Lair:4
    Orc (2/2) D:11            Elf (3/3) Orc:2        Vaults (5/5) D:14
  Crypt (3/3) Vaults:2       Tomb (0/3) Crypt:3      Depths (4/4) D:15
    Zot (5/5) Depths:4     Bailey (visited)         Desolation (visited)
Gauntlet (visited)

Altars:
Ashenzari
Cheibriados
Dithmenos
Elyvilon
Fedhas
Gozag
Hepliaklqana
Kikubaaqudgha
Makhleb
Nemelex Xobeh
Okawaru
Qazlal
Ru
Sif Muna
Trog
Uskayaw
Vehumet
Wu Jian
Xom
Yredelemnul
Zin
The Shining One
Beogh
Jiyva

Shops:
D:6 ?   D:7 [   D:15 =!*(?   Orc:2 =?=(   Elf:1 :   Vaults:1 *   Depths:1 *!?
Depths:3 =::

Portals:
Hell: Depths:1 Depths:2 Depths:3 Depths:4
Abyss: Depths:3
Pandemonium: Depths:1
Ziggurat: Depths:1
Trove: D:14 (give 16 scrolls of teleportation)

Annotations:
D:1 exclusion: downstairs
D:2 Sigmund
D:6 Pikel
D:7 exclusion: upstairs
Swamp:3 Bai Suzhen
Elf:1 Roxanne
Elf:2 3 runed translucent doors
Elf:3 exclusion: orange crystal statue
Crypt:3 Khufu
Depths:2 exclusion: downstairs
Zot:2 exclusion: upstairs


Message History

You have escaped!

You could see a cherub and a hellwing.

Vanquished Creatures
  A seraph (D:7)
  Frederick (Vaults:4)
  2 dread liches
  An ancient lich (Zot:5)
  3 orbs of fire (Zot:5)
  Xtahua (Crypt:1)
  3 royal mummies (Crypt:2)
  2 Killer Klowns (Zot:5)
  3 caustic shrikes
  2 curse toes
  5 golden dragons
  2 bone dragons
  A profane servitor (Crypt:3)
  A Brimstone Fiend (Depths:4)
  An electric golem (Zot:5)
  3 walking crystal tomes
  12 tentacled monstrosities
  3 liches
  A walking frostbound tome (Depths:4)
  20 Orb Guardians (Zot:5)
  6 deep elf master archers (Elf:3)
  2 titans (Depths:4)
  A walking divine tome (Depths:3)
  5 deep elf blademasters (Elf:3)
  An Executioner (Zot:5)
  4 sphinxes
  3 quicksilver dragons
  Frances (Snake:1)
  3 ancient champions
  A death cob (Zot:5)
  Kirke (D:15)
  2 shadow dragons
  Gastronok (Lair:3)
  Aizul (Vaults:1)
  5 tengu reavers
  2 thorn hunters
  Donald (Elf:1)
  8 storm dragons
  5 nagarajas
  2 revenants
  9 fire giants
  A draconian knight (Zot:5)
  A demonspawn warmonger (Zot:5)
  A fenstrider witch (Swamp:3)
  A protean progenitor (Zot:5)
  2 draconian shifters
  An iron dragon (Vaults:5)
  3 imperial myrmidons (Desolation)
  The ghost of gosagan the Cleaver, a journeyman MDRe of Ashenzari (Lair:3)
  A draconian monk (Zot:2)
  5 frost giants
  5 deep elf sorcerers
  14 vault wardens
  A ghost moth (Zot:4)
  3 deep elf elementalists
  A draconian scorcher (Depths:4)
  A balrug (Depths:1)
  A draconian stormcaller (Depths:4)
  10 ghouls
  16 ironbound preservers
  2 curse skulls (Crypt:2)
  A reaper (Crypt:2)
  2 angels
  2 orc warlords
  2 draconian annihilators (Zot:5)
  A formless jellyfish (Vaults:3)
  15 stone giants
  9 very ugly things
  7 ironbound thunderhulks
  9 vampire knights
  3 black draconians
  2 red draconians (Depths:4)
  5 deep elf demonologists
  10 eleionomae
  2 yellow draconians
  7 deep elf death magi
  A minotaur (Gauntlet)
  A purple draconian (Zot:4)
  3 green draconians
  4 white draconians
  6 bunyips
  Azrael (D:15)
  2 spark wasps (Depths:3)
  8 deep elf annihilators
  19 dire elephants
  2 halazid warlocks (Desolation)
  5 war gargoyles
  2 blizzard demons
  7 eidola
  8 ettins
  24 jiangshi
  A crystal guardian (Desolation)
  4 mummy priests
  Josephine (Orc:2)
  8 yaktaur captains
  5 fire dragons
  8 ragged hierophants (Desolation)
  2 shambling mangroves
  6 rakshasas
  2 entropy weavers
  20 hydras
  4 deep elf high priests
  5 great orbs of eyes
  10 ice dragons
  3 ghost crabs
  Harold (D:11)
  29 vault guards
  A hydra (shapeshifter) (Depths:4)
  3 ogre magi
  8 servants of whispers (Desolation)
  3 spriggan air magi
  6 ironbound frosthearts
  28 centaur warriors
  13 peacekeepers
  5 salamander tyrants
  A juggernaut simulacrum (Depths:3)
  The ghost of Pooter the Gouger, a journeyman FeBe of Trog (Lair:1)
  3 catoblepae
  2 anacondas
  An Orb Guardian zombie (Crypt:2)
  5 boulder beetles
  A spriggan skeleton (Crypt:3)
  11 alligators
  A two-headed ogre (shapeshifter) (Elf:3)
  14 two-headed ogres
  4 death knights
  8 vampire magi
  9 dancing weapons
  6 deep troll shamans
  A spectral dire elephant (Crypt:3)
  17 naga sharpshooters
  5 tengu warriors
  10 deep elf knights
  A bennu skeleton (Crypt:1)
  5 soul eaters
  2 occultists
  6 shock serpents
  Nergalle (D:10)
  9 deep troll earth magi
  18 naga warriors
  2 storm dragon zombies
  A sun demon (D:15)
  A skyshark (Lair:4)
  3 shadow wraiths
  11 iron trolls
  A storm dragon skeleton (Depths:3)
  53 deep trolls
  30 skeletal warriors
  7 goliath frogs
  A golden dragon zombie (Depths:3)
  6 spriggan druids
  5 salamander mystics
  6 arcanists
  2 cherubim (D:7)
  2 glowing orange brains
  9 deep elf archers
  6 mana vipers
  12 bog bodies
  3 naga ritualists
  10 swamp dragons
  A spriggan simulacrum (Crypt:1)
  6 flayed ghosts
  A harpy (Vaults:2)
  18 ironbound convokers
  2 large abominations (Crypt:3)
  A shadow dragon zombie (Depths:3)
  An iron dragon zombie (Depths:3)
  16 phantasmal warriors
  9 lindwurms
  A harpy (shapeshifter) (D:15)
  20 deep elf zephyrmancers
  A tengu skeleton (Depths:3)
  21 deep elf pyromancers
  26 ugly things
  4 necromancers
  15 salamanders
  7 orc knights
  3 will-o-the-wisps
  A shining eye (shapeshifter) (Vaults:2)
  4 cyclopes
  5 manticores
  6 moths of wrath
  A cyclops (shapeshifter) (Depths:4)
  15 elephants
  6 meliai (D:14)
  Joseph (D:7)
  A spectral alligator snapping turtle (Crypt:3)
  7 guardian serpents
  A molten gargoyle (Desolation)
  13 vault sentinels
  A fire giant skeleton (Depths:3)
  A dire elephant zombie (Crypt:3)
  3 kobold blastminers (Orc:2)
  16 naga magi
  36 black mambas
  2 hellions
  25 cane toads
  A torpor snail (shapeshifter) (Depths:3)
  A minotaur zombie (Crypt:2)
  A torpor snail (Lair:1)
  3 kobold demonologists
  An efreet (D:14)
  3 unseen horrors
  6 komodo dragons
  27 yaktaurs
  6 rime drakes
  5 tengu conjurers
  6 guardian mummies
  4 freezing wraiths
  A harpy zombie (Crypt:1)
  A queen bee (Gauntlet)
  11 trolls
  A tengu simulacrum (Vaults:2)
  2 polar bears
  A tarantella (shapeshifter) (Depths:4)
  62 saltlings (Desolation)
  12 hornets
  26 blink frogs
  4 tyrant leeches
  3 glass eyes
  A meliai zombie (Crypt:1)
  A raiju (shapeshifter) (Orc:2)
  A snapping turtle (shapeshifter) (Depths:3)
  47 slime creatures
  4 air elementals
  6 shadows
  A culicivora (Vaults:3)
  13 spriggans
  A vampire (D:13)
  10 basilisks
  18 wraiths
  39 yaks
  3 wyverns
  4 fire elementals
  4 water elementals
  3 hogs (D:15)
  5 wargs
  2 steam dragons
  12 vampire mosquitoes
  A wind drake skeleton (Crypt:2)
  Menkaure (D:7)
  9 swamp worms
  A naga zombie (Crypt:1)
  60 nagas
  A fire bat zombie (Crypt:2)
  2 acid dragons
  17 water moccasins
  2 hell hounds (D:15)
  A black bear (D:8)
  8 swamp drakes
  28 orc warriors
  A hornet zombie (D:7)
  A cane toad skeleton (Crypt:1)
  A sky beast (D:7)
  18 ogres
  30 laughing skulls
  8 centaurs
  A boggart (Vaults:2)
  22 wolves
  2 lemures
  A phantom (D:5)
  2 weeping skulls (Crypt:3)
  8 kobold brigands
  20 bullfrogs
  A gnoll sergeant (D:8)
  2 small abominations (Crypt:3)
  A warg zombie (Crypt:1)
  An earth elemental (Elf:1)
  7 scorpions
  A warg skeleton (Crypt:1)
  16 wights
  5 burial acolytes
  6 killer bees
  A yak skeleton (Crypt:2)
  12 electric eels
  A bullfrog zombie (D:7)
  8 howler monkeys
  A wolf skeleton (Crypt:1)
  2 bombardier beetles
  A crimson imp (D:12)
  A centaur zombie (D:7)
  A centaur skeleton (D:7)
  10 orc priests
  3 hounds
  2 jellies
  2 human zombies
  Crazy Yiuf (D:2)
  A sleepcap (D:5)
  4 iguanas
  Natasha (twice) (D:2)
  21 orc wizards
  4 killer bee zombies (D:7)
  An ogre skeleton (Crypt:1)
  A hound skeleton (Crypt:1)
  A howler monkey skeleton (D:7)
  6 adders
  4 gnolls
  4 river rats (D:5)
  3 shadow imps
  A swamp drake skeleton (Crypt:2)
  5 white imps
  An iguana zombie (Crypt:1)
  A lava snake skeleton (Crypt:2)
  5 dart slugs
  3 ribbon worms
  65 orcs
  13 bats
  A bat skeleton (Crypt:1)
  8 endoplasms
  A giant cockroach (D:1)
  11 goblins
  11 hobgoblins
  6 jackals
  33 kobolds
  4 quokkas
  5 ball pythons
  2 frilled lizards
  A kobold skeleton (Crypt:1)
  4 rats (D:1)
  4 aspiring fleshes (Zot:5)
2092 creatures vanquished.

Vanquished Creatures (collateral kills)
  A two-headed ogre (D:8)
  2 orcs (D:6)
3 creatures vanquished.

Vanquished Creatures (others)
  A quicksilver dragon (Vaults:5)
  Erica (D:8)
  An alligator (Swamp:1)
  An ironbound convoker (Desolation)
  A phantasmal warrior (Vaults:5)
  A deep elf pyromancer (Elf:1)
  A laughing skull (Crypt:1)
  Natasha (D:2)
  An orc wizard (D:11)
  A gnoll (D:5)
  A jackal (D:3)
  40 foxfires
51 creatures vanquished.

Grand Total: 2146 creatures vanquished

Notes
Turn   | Place    | Note
-------+----------+-------------------------------------------
     0 | D:1      | mitch45678 the Mountain Dwarf Chaos Knight began the quest
                  | for the Orb.
     0 | D:1      | Reached XP level 1. HP: 19/19 MP: 1/1
    91 | D:1      | Reached skill level 4 in Axes
   132 | D:1      | Reached XP level 2. HP: 26/26 MP: 2/2
   145 | D:1      | XOM: silly message
   343 | D:1      | Reached skill level 5 in Axes
   406 | D:1      | XOM: silly message
   409 | D:1      | Reached XP level 3. HP: 31/31 MP: 3/3
   582 | D:2      | Noticed Sigmund
   673 | D:1      | Reached skill level 1 in Throwing
   673 | D:1      | Reached XP level 4. HP: 28/38 MP: 4/4
   697 | D:1      | XOM: silly message
   814 | D:2      | XOM: 1-stop teleportation journey
   828 | D:2      | Found a runed translucent door.
   829 | D:2      | Noticed Crazy Yiuf
   866 | D:2      | Noticed Natasha
   873 | D:2      | Killed Natasha
   874 | D:2      | Reached skill level 6 in Axes
  1069 | D:2      | Noticed Natasha
  1076 | D:2      | XOM: polymorph cerulean imp -> white imp
  1078 | D:2      | Killed Natasha
  1130 | D:2      | Noticed Natasha
  1140 | D:2      | Killed Natasha
  1141 | D:2      | Reached XP level 5. HP: 27/45 MP: 1/5
  1149 | D:2      | XOM: god gift: white potion {god gift}
  1373 | D:3      | XOM: divination: magic mapping
  1455 | D:3      | XOM: confuse monster(s)
  1456 | D:3      | XOM: divination: magic mapping
  1476 | D:2      | Reached skill level 7 in Axes
  1490 | D:3      | Reached skill level 1 in Shields
  1549 | D:3      | Noticed an eye of devastation
  1560 | D:3      | Found a faded altar of an unknown god.
  1587 | D:3      | Noticed a glass eye
  1591 | D:3      | Noticed a golden eye
  1595 | D:3      | Noticed an eye of devastation
  1616 | D:3      | XOM: silly message
  1756 | D:3      | Reached skill level 2 in Shields
  1841 | D:4      | Reached XP level 6. HP: 51/51 MP: 6/6
  1944 | D:4      | Reached skill level 3 in Shields
  2113 | D:4      | XOM: noise
  2156 | D:4      | Found a white marble altar of Elyvilon.
  2373 | D:4      | Reached skill level 4 in Shields
  2562 | D:5      | Entered Level 5 of the Dungeon
  2722 | D:5      | XOM: divination: detect items
  2756 | D:5      | Noticed a water moccasin
  2776 | D:5      | Killed a water moccasin
  2777 | D:5      | Reached skill level 8 in Axes
  2777 | D:5      | Reached XP level 7. HP: 57/57 MP: 4/7
  2804 | D:5      | XOM: stat loss: -1 Str (16/17)
  2815 | D:5      | XOM: enchant monster (good)
  2827 | D:5      | Found a glowing silver altar of Zin.
  2840 | D:5      | HP: 11/57 [gnoll/+0 great sword (11)]
  2841 | D:5      | HP: 3/57 [gnoll/+0 great sword (9)]
  2846 | D:5      | LOL
  2846 | D:5      | HP: 1/57 [poisoned by an adder]
  3016 | D:5      | XOM: noise
  3061 | D:5      | XOM: cloud trail
  3149 | D:5      | Found a hide-covered altar of Uskayaw.
  3159 | D:5      | XOM: cast spell 'Summon Ice Beast'
  3163 | D:5      | Reached skill level 5 in Shields
  3221 | D:5      | Found an ornate altar of the Wu Jian Council.
  3335 | D:6      | Noticed a vampire mosquito
  3335 | D:6      | Noticed a vampire mosquito
  3335 | D:6      | Noticed a vampire mosquito
  3336 | D:6      | WTF
  3387 | D:5      | Reached skill level 9 in Axes
  3418 | D:6      | XOM: cast spell 'Summon Ice Beast'
  3436 | D:6      | F
  3441 | D:6      | XOM: divination: detect creatures
  3466 | D:5      | HP: 13/58 [sleepcap (8)]
  3470 | D:5      | Reached skill level 4 in Fighting
  3538 | D:5      | XOM: cloud trail
  3640 | D:6      | XOM: silly message
  3649 | D:5      | Killed a vampire mosquito
  3650 | D:5      | Reached skill level 1 in Dodging
  3661 | D:5      | Killed a vampire mosquito
  3662 | D:5      | Reached skill level 10 in Axes
  3662 | D:5      | Reached XP level 8. HP: 22/66 MP: 2/8
  3679 | D:5      | Found a radiant altar of Vehumet.
  3905 | D:6      | XOM: enchant monster (good)
  3920 | D:6      | Reached skill level 5 in Fighting
  4082 | D:6      | HP: 15/68 [poisoned by a water moccasin]
  4087 | D:6      | HP: 10/68 [poisoned by a water moccasin]
  4283 | D:2      | Killed Crazy Yiuf
  4366 | D:2      | XOM: cast spell 'Summon Small Mammal'
  4435 | D:4      | XOM: give mutations
  4435 | D:4      | Gained mutation: You passively map a small area around you.
                  | [Xom's mischief]
  4435 | D:4      | Gained mutation: Your magical capacity is low. (-10% MP)
                  | [Xom's mischief]
  4435 | D:4      | Gained mutation: You are occasionally teleported next to
                  | monsters. [Xom's mischief]
  4435 | D:4      | Gained mutation: Armour fits poorly on your strangely
                  | shaped body. [Xom's mischief]
  4499 | D:6      | Found a staircase to the Ecumenical Temple.
  4506 | D:6      | Reached skill level 2 in Evocations
  4643 | D:6      | Noticed Pikel
  4721 | D:6      | Found Jagut's Magic Scroll Boutique.
  4729 | D:6      | Bought a scroll of enchant armour for 105 gold pieces
  4840 | D:7      | XOM: swap monsters
  4852 | D:7      | Reached skill level 3 in Evocations
  4852 | D:7      | Reached skill level 11 in Axes
  5304 | D:7      | Noticed Menkaure
  5311 | D:7      | XOM: blink monster(s)
  5326 | D:7      | XOM: summons 2 friendly demons
  5330 | D:7      | Reached skill level 12 in Axes
  5330 | D:7      | Reached XP level 9. HP: 74/74 MP: 8/8
  5405 | D:7      | Found an ancient bone altar of Kikubaaqudgha.
  5446 | D:7      | Reached skill level 6 in Fighting
  5510 | D:7      | Reached skill level 2 in Throwing
  5544 | D:7      | Noticed Joseph
  5577 | D:7      | Killed Joseph
  5578 | D:7      | Reached skill level 6 in Shields
  5666 | D:7      | Reached skill level 7 in Fighting
  5762 | D:7      | XOM: give mutations
  5762 | D:7      | Gained mutation: You have a pair of small horns on your
                  | head. [Xom's grace]
  5762 | D:7      | Gained mutation: You are partially covered in iridescent
                  | scales. (AC +2) [Xom's grace]
  5762 | D:7      | Gained mutation: You are strong-willed. (Will+) [Xom's
                  | grace]
  5800 | D:7      | Reached skill level 3 in Armour
  5805 | D:7      | XOM: cleaving
  5806 | D:7      | HP: 13/79 [??? (8)]
  5807 | D:7      | Killed Menkaure
  5808 | D:7      | aho
  5916 | D:7      | Found a shadowy altar of Dithmenos.
  6039 | D:7      | Found Ibioh's Armour Shoppe.
  6250 | D:8      | Reached skill level 4 in Armour
  6309 | D:8      | XOM: confuse monster(s)
  6343 | D:8      | XOM: chaos cloud
  6347 | D:8      | Reached skill level 5 in Armour
  6378 | D:8      | XOM: divination: detect creatures
  6382 | D:8      | Reached skill level 6 in Armour
  6389 | D:8      | XOM: blink monster(s)
  6402 | D:8      | Reached XP level 10. HP: 53/86 MP: 7/9
  6409 | D:8      | Reached skill level 7 in Shields
  6479 | D:8      | Found a snail-covered altar of Cheibriados.
  6530 | D:8      | XOM: silly message
  6581 | D:8      | Noticed a two-headed ogre
  6586 | D:8      | XOM: summons 9 friendly demons
  6596 | D:8      | Killed a two-headed ogre
  6597 | D:8      | Reached skill level 7 in Armour
  6619 | D:8      | Noticed Erica
  6619 | D:8      | Found the +6 shillelagh "Devastator" {shatter}
  6620 | D:8      | Erica with shatter shillelagh fun
  6623 | D:8      | Noticed a two-headed ogre
  6624 | D:8      | nice
  6662 | D:8      | XOM: enchant monster (good)
  6685 | D:8      | Your ally Erica died
  6712 | D:8      | Noticed a gargoyle
  6822 | D:9      | rly?
  6827 | D:9      | XOM: silly message
  6832 | D:9      | Reached skill level 1 in Invocations
  6933 | Temple   | XOM: stealth player
  6933 | Temple   | Entered the Ecumenical Temple
  6956 | Temple   | Fell from the grace of Xom
  6956 | Temple   | Became a worshipper of Warmaster Okawaru
  6987 | D:6      | Identified the serpent talisman of the Past {Will++}
  7276 | D:8      | Reached skill level 2 in Invocations
  7294 | D:8      | Reached skill level 3 in Invocations
  7564 | D:8      | Reached skill level 4 in Invocations
  7582 | D:8      | XOM: summons 1 hostile shadow creature
  7686 | D:9      | Noticed a two-headed ogre
  7692 | D:9      | Reached skill level 5 in Invocations
  7694 | D:9      | Killed a two-headed ogre
  7694 | D:9      | Reached * piety under Okawaru
  7695 | D:9      | Reached skill level 6 in Invocations
  7759 | D:9      | Reached skill level 8 in Fighting
  7814 | D:9      | Found a hazy altar of Hepliaklqana.
  7832 | D:9      | Reached ** piety under Okawaru
  7872 | D:9      | Reached skill level 7 in Invocations
  7936 | D:9      | Reached XP level 11. HP: 51/92 MP: 12/14
  8015 | D:9      | Found a staircase to the Lair.
  8022 | D:9      | XOM: give mutations
  8022 | D:9      | Gained mutation: You have hidden genetic potential. [Xom's
                  | mischief]
  8022 | D:9      | Lost mutation: Your magical capacity is low. (-10% MP)
                  | [Xom's mischief]
  8022 | D:9      | Lost mutation: You are partially covered in iridescent
                  | scales. (AC +2) [Xom's mischief]
  8051 | Lair:1   | Entered Level 1 of the Lair of Beasts
  8156 | D:9      | Noticed a two-headed ogre
  8163 | D:9      | Killed a two-headed ogre
  8164 | D:9      | Reached skill level 8 in Shields
  8164 | D:9      | Reached skill level 8 in Invocations
  8164 | D:9      | phew
  8185 | D:9      | Identified the +0 ring mail "Wuaxiram" {rElec Will++}
  8289 | D:10     | Entered Level 10 of the Dungeon
  8309 | D:10     | Found a flagged portal.
  8477 | D:10     | Noticed Nergalle
  8621 | Bailey   | Entered a bailey
  8884 | Bailey   | XOM: torment (55/94 hp)
  8934 | Bailey   | Found a burning altar of Makhleb.
  8962 | D:10     | omg so squishy
  8974 | D:10     | Killed Nergalle
  8975 | D:10     | Reached skill level 3 in Throwing
  8975 | D:10     | Reached skill level 2 in Dodging
  9019 | D:10     | Reached skill level 9 in Shields
  9089 | D:10     | Noticed a two-headed ogre
  9097 | D:10     | Killed a two-headed ogre
  9097 | D:10     | Reached *** piety under Okawaru
  9134 | D:10     | Reached skill level 13 in Axes
  9328 | D:11     | Noticed a two-headed ogre
  9336 | D:11     | Killed a two-headed ogre
  9337 | D:11     | Reached skill level 9 in Fighting
  9436 | D:11     | Reached skill level 3 in Dodging
  9443 | D:11     | Reached skill level 10 in Shields
  9475 | D:11     | Noticed a two-headed ogre
  9524 | D:11     | Noticed a centaur warrior
  9612 | D:11     | Killed a two-headed ogre
  9612 | D:11     | Reached **** piety under Okawaru
  9635 | D:11     | Reached skill level 8 in Armour
  9704 | D:11     | Killed a centaur warrior
  9897 | D:11     | Noticed Psyche
  9901 | D:11     | Psyche changed into Psyche the steam dragon
  9901 | D:11     | Noticed Psyche
  9916 | D:11     | Reached XP level 12. HP: 88/104 MP: 16/18
  9922 | D:11     | Killed Psyche the steam dragon
  9925 | D:11     | Reached skill level 9 in Armour
  9944 | D:11     | Gained mutation: You have great hidden genetic potential.
                  | [hidden potential]
  9961 | D:11     | Noticed Harold
  9972 | D:11     | Killed Harold
 10009 | D:11     | Found a staircase to the Orcish Mines.
 10360 | D:11     | Reached ***** piety under Okawaru
 10362 | D:11     | Reached skill level 10 in Armour
 10480 | D:12     | Reached skill level 4 in Dodging
 11254 | D:12     | Reached skill level 9 in Invocations
 11272 | D:12     | HP: 25/104 [something (4)]
 11386 | D:12     | Noticed a two-headed ogre
 11430 | D:12     | Killed a two-headed ogre
 11431 | D:12     | Reached skill level 5 in Dodging
 11845 | D:9      | XOM: give mutations
 11845 | D:9      | Lost mutation: You have a pair of small horns on your head.
                  | [Xom's mischief]
 11845 | D:9      | Gained mutation: Your spells are a little easier to cast,
                  | but a little less powerful. [Xom's mischief]
 11915 | D:7      | Bought a +0 helmet for 45 gold pieces
 11920 | D:7      | Bought the +7 leather armour of Miracles {rF+ rC+ rN+
                  | Str+3} for 685 gold pieces
 12008 | Lair:1   | Reached skill level 14 in Axes
 12021 | Lair:1   | XOM: 1-stop teleportation journey
 12055 | Lair:1   | Reached skill level 10 in Fighting
 12056 | Lair:1   | Found a runed translucent door.
 12059 | Lair:1   | Noticed Pooter's ghost (journeyman FeBe)
 12243 | Lair:1   | Received a gift from Okawaru
 12265 | Lair:1   | Noticed a boulder beetle
 12282 | Lair:1   | Killed a boulder beetle
 12330 | Lair:1   | Reached skill level 11 in Shields
 12437 | Lair:1   | Reached XP level 13. HP: 106/113 MP: 19/19
 12484 | Lair:2   | Lost mutation: Your spells are a little easier to cast, but
                  | a little less powerful. [hidden potential]
 12484 | Lair:2   | Lost mutation: You have great hidden genetic potential.
                  | [hidden potential expressed]
 12509 | Lair:2   | XOM: noise
 12710 | Lair:2   | Reached skill level 15 in Axes
 12844 | Lair:2   | XOM: summons 7 hostile demons
 13154 | Lair:3   | Found a transporter.
 13160 | Lair:3   | Noticed gosagan's ghost (journeyman MDRe)
 13161 | Lair:3   | Found a bloodstained altar of Trog.
 13249 | Lair:3   | Found a transporter.
 13266 | Lair:3   | Noticed Gastronok
 13329 | Lair:3   | XOM: give mutations
 13329 | Lair:3   | Gained mutation: You have a pair of small horns on your
                  | head. [Xom's grace]
 13329 | Lair:3   | Gained mutation: Your movements are slightly less
                  | encumbered by armour. (ER -2) [Xom's grace]
 13329 | Lair:3   | Gained mutation: Your muscles are strong. (Str +4, Int/Dex
                  | -1) [Xom's grace]
 13329 | Lair:3   | Gained mutation: Your flesh is cold resistant. (rC+) [Xom's
                  | grace]
 13335 | Lair:3   | Reached skill level 16 in Axes
 13386 | Lair:3   | XOM: enchant monster (bad)
 13447 | Lair:3   | XOM: enchant monster (bad)
 13474 | Lair:3   | XOM: polymorph quokka -> something unseen
 13502 | Lair:3   | Killed Gastronok
 13676 | Lair:3   | XOM: confusion
 13702 | Lair:3   | Reached skill level 6 in Dodging
 13810 | Lair:3   | Received a gift from Okawaru
 13844 | Lair:3   | Reached skill level 12 in Shields
 13902 | Lair:3   | Found a staircase to the Snake Pit.
 14004 | Lair:4   | XOM: noise
 14162 | Lair:4   | Received a gift from Okawaru
 14163 | Lair:4   | Reached skill level 17 in Axes
 14190 | Lair:4   | Found a viscous altar of Jiyva.
 14191 | Lair:4   | Found a staircase to the Slime Pits.
 14368 | Lair:4   | Reached XP level 14. HP: 112/121 MP: 20/20
 14449 | Lair:4   | Gained mutation: Your muscles are very strong. (Str +8,
                  | Int/Dex -2) [hidden potential]
 14632 | Lair:5   | Entered Level 5 of the Lair of Beasts
 14656 | Lair:5   | Reached skill level 18 in Axes
 14736 | Lair:4   | Received a gift from Okawaru
 14749 | Lair:5   | XOM: draining
 14784 | Lair:4   | XOM: cloud trail
 14851 | Lair:5   | gotta stop w that
 14851 | Lair:5   | HP: 28/116 [electric eel/bolt of electricity (6)]
 14932 | Lair:4   | Reached skill level 13 in Shields
 15063 | Lair:5   | HP: 30/121 [poisoned by a black mamba]
 15140 | Lair:5   | Reached skill level 10 in Invocations
 15240 | Lair:5   | Identified the +4 acid dragon scales of the Wilderness
                  | {rCorr Int+3}
 15246 | Lair:5   | Got an earthy gem with 424 turns to spare
 15259 | Lair:5   | Identified the +1 sling "Teosonui" {elec, rF+ Int+2}
 15426 | Lair:5   | Reached skill level 14 in Shields
 15585 | Lair:3   | Received a gift from Okawaru
 15627 | Lair:2   | XOM: stat loss: -3 Int (9/12)
 15717 | Lair:1   | XOM: scenery: create altars
 15717 | Lair:1   | Was forgiven by Xom
 15798 | Lair:1   | Killed Pooter's ghost
 16171 | D:12     | Identified a scroll of acquirement
 16215 | D:13     | Reached skill level 11 in Fighting
 16529 | D:12     | Received a gift from Okawaru
 16873 | D:14     | Reached skill level 12 in Fighting
 16877 | D:14     | Found a bloodstained altar of Trog.
 17064 | D:14     | Reached skill level 7 in Dodging
 17081 | D:14     | Reached XP level 15. HP: 70/132 MP: 15/22
 17104 | D:14     | Found a portal to a secret trove of treasure.
 17107 | D:14     | Gained mutation: Your spells are a little harder to cast,
                  | but a little more powerful. [hidden potential]
 17107 | D:14     | Lost mutation: You have hidden genetic potential. [hidden
                  | potential expressed]
 17271 | D:14     | Found the +2 pair of slick slippers {slick, slippery, EV+4}
 17446 | D:14     | Found a gate to the Vaults.
 17606 | D:15     | Entered Level 15 of the Dungeon
 17636 | D:14     | Received a gift from Okawaru
 17689 | D:15     | Found Bett's Distillery.
 17711 | D:15     | Reached skill level 13 in Fighting
 17738 | D:15     | Noticed Azrael
 17817 | D:15     | Found Vaimyukh's Jewellery Emporium.
 17828 | D:15     | Bought the ring "Ajisual" {rPois MP+9 Str+2 Stlth+} for 534
                  | gold pieces
 17853 | D:15     | Bought a potion of heal wounds for 100 gold pieces
 17914 | D:15     | Reached ****** piety under Okawaru
 17915 | D:15     | Reached skill level 11 in Armour
 17915 | D:15     | Acquired a +3 broad axe of freezing
 17915 | D:15     | Received a gift from Okawaru
 17927 | D:15     | Acquired the +8 tower shield of the Monkey {rPois Str+6
                  | Int-2}
 17927 | D:15     | Received a gift from Okawaru
 17983 | D:15     | Found Vuyss's General Store.
 18023 | D:15     | Found Sarilonu's Antique Weapon Shoppe.
 18040 | D:15     | Noticed Kirke
 18080 | D:15     | Killed Kirke
 18104 | D:15     | Found a staircase to the Depths.
 18147 | D:15     | Received a gift from Okawaru
 18188 | D:15     | Killed Azrael
 18215 | D:15     | Found Kiuw's Magic Scroll Boutique.
 18406 | D:12     | Reached skill level 15 in Shields
 18596 | Orc:1    | Entered Level 1 of the Orcish Mines
 19070 | Orc:2    | Entered Level 2 of the Orcish Mines
 19085 | Orc:2    | Noticed Sonja
 19086 | Orc:2    | Found a roughly hewn altar of Beogh.
 19088 | Orc:2    | Sonja changed into Sonja the scorpion
 19088 | Orc:2    | Noticed Sonja
 19092 | Orc:2    | Killed Sonja the scorpion
 19098 | Orc:2    | Found a flickering gateway to a bazaar.
 19105 | Orc:2    | Noticed Josephine
 19127 | Orc:2    | Killed Josephine
 19168 | Orc:2    | Received a gift from Okawaru
 19177 | Orc:2    | Found a staircase to the Elven Halls.
 19221 | Bazaar   | Entered a bazaar
 19221 | Bazaar   | Found Rifun Meo's Antique Armour Shop.
 19233 | Bazaar   | Found Duogaed's Antique Weapon Shop.
 19253 | Bazaar   | Found Uriavap's General Store.
 19331 | Orc:2    | Found a gate leading to a gauntlet.
 19360 | Gauntlet | Entered a Gauntlet
 19360 | Gauntlet | Found a transporter.
 19360 | Gauntlet | Found a transporter.
 19371 | Gauntlet | Found a transporter.
 19372 | Gauntlet | Found a transporter.
 19378 | Gauntlet | Found a runed translucent gate.
 19382 | Gauntlet | Found a runed translucent gate.
 19382 | Gauntlet | Found a transporter.
 19383 | Gauntlet | Found a runed translucent gate.
 19386 | Gauntlet | Found a transporter.
 19396 | Gauntlet | Found a transporter.
 19412 | Gauntlet | Found a transporter.
 19426 | Gauntlet | Found a transporter.
 19430 | Gauntlet | Found a transporter.
 19432 | Gauntlet | Found a runed translucent door.
 19434 | Gauntlet | Found a runed translucent door.
 19440 | Gauntlet | Found a transporter.
 19444 | Gauntlet | Found a transporter.
 19505 | Gauntlet | Reached skill level 16 in Shields
 19545 | Gauntlet | Got Sif Muna's Textbook on Stormy Cold
 19581 | Gauntlet | Identified the amulet of Starshine {+Inv rElec rC+++
                  | RegenMP+ Dex-2}
 19583 | Gauntlet | so close to good
 19808 | Orc:2    | Found Ophoud's Jewellery Boutique.
 19840 | Orc:2    | Found Pelosm's Magic Scroll Boutique.
 19874 | Orc:2    | Reached skill level 17 in Shields
 19890 | Orc:2    | Reached XP level 16. HP: 143/143 MP: 23/23
 19904 | Orc:2    | Received a gift from Okawaru
 19922 | Orc:2    | Found Eceozaor's Jewellery Shoppe.
 19932 | Orc:2    | Found Otiss's Weapon Shop.
 19967 | Orc:2    | Bought the ring "Doryixuc" {rElec rN+ Dex+4} for 763 gold
                  | pieces
 20306 | Snake:1  | Entered Level 1 of the Snake Pit
 20493 | Snake:1  | Reached skill level 18 in Shields
 20528 | Snake:1  | Noticed Frances
 20537 | Snake:1  | Received a gift from Okawaru
 20543 | Snake:1  | Killed Frances
 20794 | Snake:1  | Reached skill level 14 in Fighting
 21073 | Snake:1  | Received a gift from Okawaru
 21253 | Snake:2  | Reached skill level 15 in Fighting
 21273 | Snake:2  | Received a gift from Okawaru
 21330 | Snake:2  | Reached skill level 12 in Armour
 21355 | Snake:2  | Reached skill level 11 in Invocations
 21960 | Snake:3  | Reached skill level 12 in Invocations
 21988 | Snake:3  | Received a gift from Okawaru
 22352 | Snake:3  | Reached skill level 13 in Armour
 22640 | Snake:4  | Entered Level 4 of the Snake Pit
 22647 | Snake:4  | Reached XP level 17. HP: 156/156 MP: 26/26
 22849 | Snake:4  | Reached skill level 14 in Armour
 23002 | Snake:4  | Received a gift from Okawaru
 23119 | Snake:4  | Reached skill level 15 in Armour
 23536 | Snake:4  | Reached skill level 8 in Dodging
 23571 | Snake:4  | Received a gift from Okawaru
 23584 | Snake:4  | Got a serpentine rune of Zot
 23742 | Lair:3   | Killed gosagan's ghost
 23840 | Lair:2   | Found a staircase to the Swamp.
 23858 | Swamp:1  | Entered Level 1 of the Swamp
 23943 | Lair:2   | owee
 24306 | Swamp:1  | Received a gift from Okawaru
 24542 | Swamp:2  | Reached skill level 16 in Armour
 24680 | Swamp:2  | Identified the +3 leather armour "Luewedun" {Will+ Stlth+}
 25038 | Swamp:3  | Received a gift from Okawaru
 25039 | Swamp:3  | Reached XP level 18. HP: 163/163 MP: 27/27
 25051 | Swamp:4  | Entered Level 4 of the Swamp
 25059 | Swamp:4  | Reached skill level 4 in Evocations
 25167 | Swamp:4  | Reached skill level 5 in Evocations
 25180 | Swamp:4  | Reached skill level 17 in Armour
 25207 | Swamp:4  | Reached skill level 9 in Dodging
 25252 | Swamp:4  | Received a gift from Okawaru
 25305 | Swamp:4  | Got a mossy gem with 673 turns to spare
 25330 | Swamp:4  | Got a decaying rune of Zot
 25575 | Swamp:4  | Reached skill level 18 in Armour
 25576 | Swamp:3  | Noticed Bai Suzhen
 25578 | Swamp:3  | Identified the +1 ring mail of Wosy {^Drain Fly Regen+
                  | rCorr}
 25593 | Swamp:3  | HP: 35/163 [alligator (9)]
 25969 | Swamp:3  | Received a gift from Okawaru
 26135 | Lair:2   | Lost mutation: You are strong-willed. (Will+) [potion of
                  | mutation]
 26135 | Lair:2   | Lost mutation: You are occasionally teleported next to
                  | monsters. [potion of mutation]
 26135 | Lair:2   | Gained mutation: Your mind is acute. (Int +4, Str/Dex -1)
                  | [potion of mutation]
 26318 | Elf:1    | Entered Level 1 of the Elven Halls
 26355 | Elf:1    | Reached skill level 10 in Dodging
 26469 | Elf:1    | Noticed Roxanne
 26497 | Elf:1    | Found Zualu's Book Boutique.
 26632 | Elf:1    | Noticed Donald
 26637 | Elf:1    | Paralysed by an air elemental for 1 turns
 26663 | Elf:1    | Killed Donald
 26664 | Elf:1    | Reached skill level 16 in Fighting
 27276 | Vaults:1 | Entered Level 1 of the Vaults
 27311 | Vaults:1 | Received a gift from Okawaru
 27529 | Orc:2    | Bought an amulet of regeneration for 480 gold pieces
 27787 | Vaults:1 | Found a crumbling gateway.
 27800 | Vaults:1 | Reached skill level 17 in Fighting
 27810 | Vaults:1 | Identified the serpent talisman "Zydefeir" {Int+5}
 27810 | Vaults:1 | Noticed Aizul
 27826 | Vaults:1 | Killed Aizul
 27828 | Vaults:1 | Reached XP level 19. HP: 103/177 MP: 22/28
 27828 | Vaults:1 | Found Ceruirit's Assorted Antiques.
 27886 | Desolati | Entered the Desolation of Salt
 28072 | Desolati | Identified the amulet of the Country {rN+ Regen+ Stlth+}
 28098 | Desolati | Received a gift from Okawaru
 28110 | Desolati | Reached skill level 1 in Stealth
 28144 | Desolati | Reached skill level 18 in Fighting
 28168 | Desolati | Reached skill level 2 in Stealth
 28182 | Desolati | Identified the amulet of Lies {rF+ rC+ RegenMP+ Str+3}
 28186 | Desolati | Identified the +6 spear of Zepp {heavy, *Slow rElec rCorr
                  | Stlth+}
 28196 | Desolati | Identified the ring "Paibamub" {rF+ rC+ Int+3 Slay+3}
 28276 | Desolati | Reached skill level 3 in Stealth
 28328 | Desolati | Got the Guidebook on Exothermic Anathema
 28331 | Desolati | Got the Anthology of Underground Orientation
 28456 | Desolati | Identified the +5 plate armour "Ficy" {Rampage +Inv Dex+3}
 28488 | Desolati | Identified the +4 shortbow of Bedazzling Quick Death {elec,
                  | rPois rF++ Will-}
 28512 | Desolati | Received a gift from Okawaru
 28814 | Vaults:1 | Received a gift from Okawaru
 28853 | Vaults:1 | Reached skill level 19 in Axes
 28982 | Vaults:1 | Reached skill level 19 in Fighting
 29043 | Vaults:1 | Received a gift from Okawaru
 29507 | Vaults:1 | Reached XP level 20. HP: 191/191 MP: 29/29
 29569 | Vaults:2 | Found a staircase to the Crypt.
 29569 | Vaults:2 | Found a basalt altar of Yredelemnul.
 29570 | Vaults:2 | Found an ancient bone altar of Kikubaaqudgha.
 29592 | Vaults:2 | Reached skill level 20 in Axes
 29666 | Vaults:2 | Received a gift from Okawaru
 29673 | Vaults:2 | Reached skill level 20 in Fighting
 30450 | Vaults:2 | Received a gift from Okawaru
 30614 | Vaults:3 | Reached skill level 21 in Axes
 31284 | Vaults:3 | Received a gift from Okawaru
 31328 | Vaults:3 | Reached skill level 22 in Axes
 31343 | Vaults:3 | Reached skill level 21 in Fighting
 31384 | Vaults:3 | Identified the blade talisman of the Hammering Gods {rCorr
                  | Int+5 Dex+3}
 32045 | Vaults:4 | Received a gift from Okawaru
 32046 | Vaults:4 | Reached XP level 21. HP: 175/206 MP: 30/30
 32612 | Vaults:4 | Identified the +1 leather armour of Erienem {Dex+5}
 32616 | Vaults:4 | Upgraded the game from 0.32-a0-928-g1cae6b7ea0 to
                  | 0.32-a0-931-g5a2cda0630
 32702 | Crypt:1  | Entered Level 1 of the Crypt
 32739 | Crypt:1  | Paralysed by a vampire knight for 2 turns
 32754 | Crypt:1  | Reached skill level 22 in Fighting
 33197 | Crypt:1  | Noticed Xtahua
 33217 | Crypt:1  | Killed Xtahua
 33217 | Crypt:1  | Received a gift from Okawaru
 33218 | Crypt:1  | Reached skill level 19 in Shields
 33744 | Crypt:2  | Noticed a royal mummy
 33768 | Crypt:2  | Killed a royal mummy
 33769 | Crypt:2  | Reached skill level 20 in Shields
 33777 | Crypt:2  | HP: 40/207 [??? (25)]
 33779 | Crypt:2  | HP: 18/207 [smoke demon/divine providence[a mummy priest]
                  | (15)]
 33784 | Crypt:2  | HP: 30/204 [laughing skull/bolt of negative energy (4)]
 33826 | Crypt:2  | Received a gift from Okawaru
 33906 | Crypt:2  | Noticed a royal mummy
 33916 | Crypt:2  | HP: 43/207 [??? (27)]
 33921 | Crypt:2  | Killed a royal mummy
 33921 | Crypt:2  | Noticed a royal mummy
 33954 | Crypt:2  | HP: 51/207 [??? (32)]
 33962 | Crypt:2  | HP: 37/206 [laughing skull/bolt of negative energy (2)]
 34483 | Crypt:2  | Killed a royal mummy
 34484 | Crypt:2  | Reached skill level 11 in Dodging
 34609 | Crypt:3  | Entered Level 3 of the Crypt
 34699 | Crypt:3  | Received a gift from Okawaru
 34772 | Crypt:3  | Reached skill level 19 in Armour
 34838 | Crypt:3  | Found a basalt altar of Yredelemnul.
 34913 | Crypt:3  | Reached XP level 22. HP: 210/215 MP: 31/31
 35156 | Crypt:3  | Reached skill level 20 in Armour
 35428 | Crypt:3  | Received a gift from Okawaru
 35478 | Crypt:3  | Identified the +6 battleaxe "Fimoe" {protect, ^Fragile MP+9
                  | Int+2}
 35535 | Crypt:3  | Found a staircase to the Tomb.
 35535 | Crypt:3  | Noticed Khufu
 36020 | Elf:2    | Found a runed translucent gate.
 36020 | Elf:2    | Found a runed translucent gate.
 36020 | Elf:2    | Found a runed translucent gate.
 36376 | Elf:3    | Entered Level 3 of the Elven Halls
 36767 | Elf:3    | Reached skill level 21 in Shields
 37154 | Elf:3    | Received a gift from Okawaru
 37194 | Elf:3    | Identified the ring of Migeloz {rPois Str+2 Dex+6 Slay+5}
 37208 | Elf:3    | Reached skill level 21 in Armour
 37466 | Elf:3    | Identified the +0 leather armour of Ilocam {rN+ Int-3
                  | Dex+2}
 37495 | Elf:3    | Identified the +8 battleaxe of Mourning {vamp, Int+3}
 37514 | Elf:3    | Identified the +6 shortbow "Xafir" {heavy, Dex+4}
 37518 | Elf:3    | Got the Book of Charred Subspace
 37537 | Elf:3    | Identified the +2 sling of the Final Decision {heavy, rCorr
                  | Str+2 Int-2}
 37568 | Elf:3    | Got the Anthology of Mortuary Invitation
 37942 | Depths:1 | Entered Level 1 of the Depths
 37946 | Depths:1 | Found a sacrificial altar of Ru.
 37969 | D:15     | Paralysed by a sphinx for 3 turns
 37996 | D:15     | Received a gift from Okawaru
 38155 | Depths:1 | Found a glowing golden altar of the Shining One.
 38244 | Depths:1 | Reached skill level 12 in Dodging
 38260 | Depths:1 | Found a gateway to Hell.
 38508 | Depths:3 | Received a gift from Okawaru
 38510 | Depths:3 | Reached XP level 23. HP: 120/223 MP: 32/32
 38517 | Depths:3 | Noticed a caustic shrike
 38520 | Depths:3 | HP: 49/223 [iron troll (23)]
 38648 | Depths:2 | Reached skill level 13 in Dodging
 38737 | Depths:3 | Killed a caustic shrike
 38779 | Depths:3 | Noticed a caustic shrike
 38787 | Depths:3 | Killed a caustic shrike
 38996 | Depths:3 | Received a gift from Okawaru
 39169 | Depths:3 | Reached skill level 13 in Invocations
 39235 | Depths:4 | Entered Level 4 of the Depths
 39315 | Depths:4 | Reached skill level 22 in Armour
 39376 | Depths:4 | Noticed a caustic shrike
 39384 | Depths:4 | Killed a caustic shrike
 39384 | Depths:4 | Received a gift from Okawaru
 39397 | Depths:4 | Reached skill level 14 in Invocations
 39511 | Depths:4 | Reached skill level 14 in Dodging
 39595 | Depths:4 | Found a gate to the Realm of Zot.
 39601 | Depths:4 | Got a midnight gem with 1593 turns to spare
 39692 | Depths:4 | Found the +8 mithril axe "Arga" {speed, Will+}
 40191 | Depths:3 | Identified the +0 quarterstaff of Laceration {flame,
                  | *Corrode rElec rN++ Str+3}
 40205 | Depths:3 | Identified the +2 scale mail "Ema Vuiqo" {MP+9 Int+4
                  | Stlth+}
 40206 | Depths:3 | Got Lyozoin's Enchiridion on Lofty Incineration
 40281 | Depths:3 | Found a one-way gate to the infinite horrors of the Abyss.
 40333 | Depths:3 | Found Zyunuig's Jewellery Shop.
 40333 | Depths:3 | Found Xeucawk Zoosh's Book Emporium.
 40334 | Depths:3 | Found Diziacre's Book Emporium.
 40344 | Depths:3 | I noticed the nerf of manuals in stores. I get it but maybe
                  | a bit too much?
 40553 | Depths:1 | Found a one-way gate leading to the halls of Pandemonium.
 40618 | Depths:1 | Found Maol's General Store.
 40620 | Depths:1 | Found a one-way gateway to a ziggurat.
 40695 | Depths:1 | Reached skill level 22 in Shields
 40710 | Depths:1 | Received a gift from Okawaru
 40795 | Depths:1 | Found Epnib's Magic Scroll Emporium.
 40795 | Depths:1 | Found Ylell's Distillery.
 40803 | Depths:1 | Bought a potion of enlightenment for 90 gold pieces
 40803 | Depths:1 | Bought a potion of invisibility for 144 gold pieces
 40803 | Depths:1 | Bought a potion of curing for 54 gold pieces
 40803 | Depths:1 | Bought a potion of ambrosia for 144 gold pieces
 40810 | Depths:1 | Bought a scroll of teleportation for 51 gold pieces
 40810 | Depths:1 | Bought a scroll of teleportation for 51 gold pieces
 40810 | Depths:1 | Bought a scroll of enchant armour for 127 gold pieces
 40810 | Depths:1 | Bought a scroll of fear for 68 gold pieces
 41066 | Vaults:5 | Entered Level 5 of the Vaults
 41096 | Vaults:4 | Reached XP level 24. HP: 223/231 MP: 33/33
 41224 | Vaults:4 | Received a gift from Okawaru
 41235 | Vaults:5 | Identified the orb of Inviolability {*channel, ^Contam
                  | rPois Slay+5 Necro}
 41235 | Vaults:5 | Noticed Frederick
 41256 | Vaults:4 | Killed Frederick
 41257 | Vaults:4 | Reached skill level 15 in Dodging
 41278 | Vaults:5 | Identified the +2 great sword of an ossuary {drain, Str+2
                  | Dex+7}
 41286 | Vaults:5 | Noticed a dread lich
 41362 | Vaults:5 | Received a gift from Okawaru
 41366 | Vaults:5 | Identified the +8 morningstar "Dragon's Tongue" {heavy, rN+
                  | Str-2 Dex+2}
 41398 | Vaults:5 | Noticed a Brimstone Fiend
 41400 | Vaults:5 | Killed a dread lich
 41410 | Vaults:5 | Reached skill level 16 in Dodging
 41464 | Vaults:5 | Got a silver rune of Zot
 41799 | Zot:1    | Entered Level 1 of the Realm of Zot
 41854 | Zot:2    | Acquired a manual of Throwing
 41886 | Zot:2    | Reached skill level 15 in Invocations
 42025 | Zot:5    | Entered Level 5 of the Realm of Zot
 42087 | Zot:5    | Acquired a manual of Dodging
 42120 | Zot:5    | Received a gift from Okawaru
 42131 | Zot:5    | Reached skill level 17 in Dodging
 42135 | Zot:5    | Got a prismatic gem with 739 turns to spare
 42149 | Zot:5    | Noticed a Killer Klown
 42161 | Zot:5    | Noticed a dread lich
 42164 | Zot:5    | Noticed an ancient lich
 42165 | Zot:5    | Killed a Killer Klown
 42181 | Zot:5    | Killed an ancient lich
 42215 | Zot:5    | Killed a dread lich
 42230 | Zot:5    | Noticed an orb of fire
 42233 | Zot:5    | Noticed an orb of fire
 42236 | Zot:5    | Gained mutation: You are frail. (-10% HP) [an orb of fire]
 42241 | Zot:5    | Lost mutation: Your spells are a little harder to cast, but
                  | a little more powerful. [an orb of fire]
 42246 | Zot:5    | Killed an orb of fire
 42247 | Zot:5    | Reached skill level 18 in Dodging
 42247 | Zot:5    | Noticed a Killer Klown
 42250 | Zot:5    | Noticed an orb of fire
 42256 | Zot:5    | Killed an orb of fire
 42260 | Zot:5    | Gained mutation: Your body sometimes deteriorates upon
                  | taking damage. [an orb of fire]
 42265 | Zot:5    | Killed an orb of fire
 42266 | Zot:5    | Reached XP level 25. HP: 62/214 MP: 34/34
 42280 | Zot:5    | Killed a Killer Klown
 42307 | Zot:5    | Paralysed by a Zot trap for 5 turns
 42331 | Zot:5    | Reached skill level 19 in Dodging
 42341 | Zot:5    | Received a gift from Okawaru
 42382 | Zot:5    | Got the Orb of Zot
 42598 | Depths:4 | Noticed a Brimstone Fiend
 42610 | Depths:4 | Killed a Brimstone Fiend
 42771 | D:10     | Noticed Xocel the pandemonium lord
 42859 | D:7      | Noticed a seraph
 42868 | D:7      | Killed a seraph
 42869 | D:7      | Reached skill level 16 in Invocations
 42977 | D:1      | Noticed Arihal the pandemonium lord
 42977 | D:1      | Noticed an ancient lich
 43002 | D:$      | Escaped with the Orb!

Levels and vault maps discovered:
D:1:      dpeg_arrival_radiant, layout_basic, st_stairs_10,
          minmay_misc_feat_four_crosses, minmay_misc_feat_alley, hex_tiny,
          minmay_tripent
D:2:      layout_loops_ring, uniq_crazy_yiuf_cottage, uniq_sigmund, uniq_natasha
D:3:      layout_loops_ring, hellmonk_ecumenical_altar_watching_god,
          minmay_misc_feat_pillars, solitary_fountain, chequers_arboretum,
          dreamdust_mushroom_princess, roderic_batcave
D:4:      layout_basic, elyvilon_altar_1, grunt_ministairs_3
D:5:      wad_woods_stonehenge, layout_basic, mainiacjoe_overflow_boulevard,
          mainiacjoe_overflow_swirl
D:6:      layout_loops_cross, temple_pool_b, serial_shops, shop, uniq_pikel
D:7:      layout_cave_pods, lemuel_crystal_altar,
          lemuel_mausoleum_altar_kikubaaqudgha, serial_shops,
          nicolae_lakefront_shop, uniq_menkaure, uniq_joseph
D:8:      layout_basic, mainiacjoe_overflow_paths, minivault_26,
          dilly_guarded_unrand_devastator, uniq_erica
D:9:      layout_roguey, nzn_hepliaklqana_mist_gate,
          grunt_lair_entry_orc_guard_hut, kennysheep_boxes
D:10:     layout_long_grid, enter_bailey_5, uniq_nergalle
D:11:     layout_basic, david_orc_3, uniq_harold, uniq_psyche
D:12:     layout_basic, serial_glass, glass_columns_c, glass_columns_a,
          minmay_fountain_box, lightli_wizard_tower
D:13:     layout_basic
D:14:     layout_loops_ring, david_vaults_5, nicolae_trove_entry_path_of_doom,
          old_standard_altar
D:15:     grunt_enter_depths_hoard, layout_basic, serial_shops,
          nicolae_square_shop, shop, shop, nicolae_shop_pleasant_corner_grove,
          nicolae_shop_tiny_waterfront, uniq_kirke, uniq_azrael
Temple:   minmay_temple_curvy_branch
Lair:1:   layout_hall_layers, hellmonk_ghost_happy_afterlife,
          pdpol_lair_cavern_descent
Lair:2:   layout_hall_layers, nicolae_swamp_entry_splash_gauntlet,
          grunt_megastairs_1, serial_bayou_shore_a
Lair:3:   layout_chaotic_city, minmay_snake_entry_guardpost_small,
          gammafunk_ghost_wrathful_warriors, kennysheep_basilisk_garden,
          uniq_gastronok
Lair:4:   layout_gridlike, slime_entry_1, grunt_megastairs_4
Lair:5:   minmay_lair_end_frog_pond, layout_loops_ring
Swamp:1:  layout_basic_swamp, nicolae_swamp_some_circles, swamp_pool_1_2,
          infiniplex_staircase_pool
Swamp:2:  layout_falls_marsh, evilmike_swamp_ruin_house_3
Swamp:3:  layout_basic_swamp, serial_swamp_ruin, hangedman_swamp_ruin_wall,
          evilmike_swamp_ruin_house_1, swamp_pool_4, uniq_bai_suzhen
Swamp:4:  swamp_alternative, layout_basic_swamp
Snake:1:  layout_cave_shapes, uniq_frances
Snake:2:  layout_misc_corridors
Snake:3:  layout_concentric_octagons, nicolae_snake_gridmaze_tees
Snake:4:  minmay_snake_end_coiled, layout_gridlike, serial_bayou_shore_b
Orc:1:    layout_caves, regret_index_minedec_shroomtown_chain
Orc:2:    st_orc_open, layout_diamond_mine, gauntlet_entry_generic,
          serial_shops, bzr_in_the_mist, nicolae_orc_lost_temple, uniq_sonja,
          uniq_josephine
Elf:1:    minmay_elf_arrival_summoners, layout_rooms,
          nicolae_elf_blasts_and_bolts, minivault_11, nicolae_take_the_stairs,
          uniq_donald, uniq_roxanne
Elf:2:    nicolae_elf_blades_splatter_lattice [mumra_blade_entry_dagger],
          layout_geoelf_diagonals, uniq_zenata
Elf:3:    minmay_elf_hall, layout_loops_corners, minivault_16
Vaults:1: portal_desolation_entry_garden, nicolae_vaults_ninety_degrees,
          vaults_room_ringed_pool, vaults_standard_mumra_enter_the_diamond,
          v_misc_28, nicolae_vaults_sightless_eye, nicolae_vaults_two_Ls,
          nicolae_vaults_diagonal_hallway_8, vaults_dpeg_diagonal,
          nicolae_vaults_six-pack, v_misc_17,
          nicolae_vaults_corridor_and_loot_room, nicolae_vaults_two_Ls,
          nicolae_vaults_stepped_doors, vaults_room_pool, layout_vaults_maze,
          serial_shops, shop, uniq_aizul
Vaults:2: v_misc_18, minmay_crypt_entry_necro_gods, serial_ice_g,
          grunt_vaults_hallway_short, vaults_dpeg_emergency_exit,
          nicolae_vaults_theta, nicolae_vaults_three_branches,
          nicolae_vaults_hexular_roomagon, ontoclasm_vaults_ring_small,
          v_pattern_5, layout_vaults_big_cross
Vaults:3: nicolae_vaults_windows_and_doors_thing, v_rooms_2,
          nicolae_vaults_shrinking_rooms_2, grunt_vaults_trifunnel,
          vaults_room_door_hall, hangedman_vaults_corner_blocks,
          nicolae_vaults_quartermaster, nicolae_vaults_diamond_2,
          grunt_vaults_hallway_short, ontoclasm_vaults_ligature,
          layout_vaults_omnibox
Vaults:4: nicolae_vaults_yaktaur_gun_rack, nicolae_vaults_border_crossing,
          vaults_dpeg_encased_lava, vaults_mumra_lcd, vaults_room_fours,
          nicolae_vaults_wine_cellar, nicolae_vaults_sesquioval_fish,
          ontoclasm_vaults_decontamination, layout_vaults_omnigrid
Vaults:5: uniq_frederick
Crypt:1:  layout_chaotic_city, nicolae_crypt_booths_of_the_dead, uniq_xtahua
Crypt:2:  minmay_guarded_unrand_sceptre_of_torment, layout_chaotic_city,
          nicolae_crypt_crumbling_hall
Crypt:3:  grunt_crypt_end_deaths_head
Depths:1: layout_gridville, enter_ziggurat_c, tso_altar, rand_demon_pan_entry_5,
          serial_shops, shop, hell_entry, minmay_misc_feat_hallway,
          nicolae_ru_awakened_eye, minmay_shoptagon
Depths:2: nicolae_cairo_tiling_large, layout_basic, rand_demon_pan_entry_9,
          hell_entry, grunt_decor_resistance, infiniplex_staircase_diamond
Depths:3: minmay_the_grid_octo_tiled_octocenter [minmay_the_grid_octo_chip,
          minmay_the_grid_octo_clover_2, minmay_the_grid_octo_odd_swirl,
          minmay_the_grid_octo_thin_diamonds,
          minmay_the_grid_octo_prize_square_snowflake,
          minmay_the_grid_square_5x5_shrine2,
          minmay_the_grid_square_5x5_one_wall, minmay_the_grid_square_5x5_z,
          minmay_the_grid_square_5x5_slash], layout_long_grid, abyss_entry,
          hell_entry, minmay_shop_grove
Depths:4: evilmike_zot_entry_round, layout_basic, pf_hell_entry_great_geh,
          nicolae_lava_and_water, roderic_roman_lattice, grunt_ministairs_15,
          minmay_swirly_circle
Zot:1:    layout_concentric_octagons, regret_index_zotdec_onion_hex
Zot:2:    layout_misc_corridors, regret_index_zotdec_split_disrupt,
          grunt_ministairs_4, hellmonk_greenhouse_of_terror, uniq_parghit
Zot:3:    layout_basic, regret_index_zotdec_carving_tricks,
          regret_index_zotdec_under_construction, nicolae_zot_crop_circle
Zot:4:    layout_twisted_circle
Zot:5:    layout_misc_corridors, st_stairs_14

Action                     |  1- 3 |  4- 6 |  7- 9 | 10-12 | 13-15 | 16-18 | 19-21 | 22-24 | 25-27 || total
---------------------------+-------+-------+-------+-------+-------+-------+-------+-------+-------++-------
  Melee: Hand axe          |   118 |   170 |   166 |       |       |       |       |       |       ||   454
         War axe           |       |       |   126 |   496 |   638 |       |       |       |       ||  1260
         Headbutt          |       |       |     5 |    78 |   198 |   291 |   452 |   432 |    42 ||  1498
         Dagger            |       |       |       |    38 |    45 |       |       |       |       ||    83
         Morningstar       |       |       |       |     2 |    39 |    75 |       |     4 |       ||   120
         Broad axe         |       |       |       |       |   292 |  1159 |  1531 |  1338 |   119 ||  4439
  Throw: Dart              |     5 |    26 |    31 |    43 |    51 |     1 |       |       |       ||   157
         Stone             |       |       |     1 |    14 |     1 |       |       |       |       ||    16
         Boomerang         |       |       |       |    26 |    97 |    13 |     3 |     7 |       ||   146
         Javelin           |       |       |       |       |     3 |       |     6 |    10 |       ||    19
 Invoke: Heroism           |       |       |       |    10 |    19 |    12 |     7 |    19 |     6 ||    73
         Receive Weapon    |       |       |       |       |     1 |       |       |       |       ||     1
         Receive Armour    |       |       |       |       |     1 |       |       |       |       ||     1
         Finesse           |       |       |       |       |       |     1 |     1 |       |       ||     2
  Evoke: Wand              |       |       |     5 |    10 |    10 |       |       |     2 |     1 ||    28
    Use: Scroll            |       |     6 |     3 |    13 |    16 |    12 |     5 |    18 |       ||    73
         Potion            |       |     1 |     8 |     1 |     4 |     2 |     5 |     9 |     6 ||    36
   Stab: Confused          |     1 |     1 |     3 |       |       |       |       |       |       ||     5
         Paralysed         |       |     1 |       |     2 |       |       |       |       |       ||     3
         Petrifying        |       |       |     2 |       |       |       |       |       |       ||     2
         Petrified         |       |       |     5 |       |       |       |       |       |       ||     5
         Invisible         |       |       |       |       |     5 |     1 |       |       |       ||     6
         Distracted        |       |       |       |       |     1 |     1 |       |       |       ||     2
 Armour: Leather armour    |    63 |   108 |   208 |    58 |   609 |   144 |       |       |       ||  1190
         Skin              |       |    17 |       |       |       |       |       |       |       ||    17
         Acid dragon scale |       |       |       |   345 |       |       |       |       |       ||   345
         Chain mail        |       |       |       |   129 |       |       |       |       |       ||   129
         Ring mail         |       |       |       |       |     6 |       |       |       |       ||     6
         Plate armour      |       |       |       |       |       |   241 |   400 |   262 |       ||   903
         Gold dragon scale |       |       |       |       |       |       |       |   234 |    41 ||   275
  Dodge: Dodged            |    61 |    99 |    99 |   206 |   477 |   377 |   407 |   437 |    25 ||  2188
  Block: Kite shield       |       |       |   123 |   342 |   496 |       |       |       |       ||   961
         Tower shield      |       |       |       |       |   328 |  1451 |  1683 |  1652 |   154 ||  5268
